 Dungeon Crawl Stone Soup version 0.31-a0-986-g5e6e4ef867 (webtiles) character file.

Game seed: 16145195432702281131

350 Persephone the Cudgeller (level 6, -2/37 HPs)
             Began as a Gargoyle Fighter on Nov 6, 2023.
             Was an Initiate of Gozag.
             Slain by an ogre
             ... wielding a +0 giant club
              (34 damage)
             ... on level 4 of the Dungeon.
             The game lasted 00:04:13 (2087 turns).

Persephone the Cudgeller (Gargoyle Fighter)         Turns: 2087, Time: 00:04:13

Health: -2/37      AC: 11    Str: 21    XL:     6   Next: 61%
Magic:  6/6        EV:  9    Int:  9    God:    Gozag
Gold:   321        SH:  4    Dex:  9    Spells: 5/5 levels left

rFire   . . .        e - +0 whip
rCold   . . .        c - +0 buckler
rNeg    + . .        b - +0 scale mail
rPois   ∞            (no helmet)
rElec   +            (no cloak)
rCorr   .            (no gloves)
SInv    .            (no boots)
Will    .....        (no amulet) Stlth
                     (no ring)
HPRegen 0.26/turn    (no ring)
MPRegen 0.10/turn

%: no passive effects
@: no status effects
A: sickness immunity, AC +4, negative energy resistance 1, electricity
resistance, torment resistance 1, petrification resistance
a: Renounce Religion, Potion Petition, Call Merchant, Bribe Branch


You were on level 4 of the Dungeon.
You worshipped Gozag.
Gozag was aware of your devotion.
You visited 1 branch of the dungeon, and saw 4 of its levels.

You collected 321 gold pieces.

Inventory:

Hand Weapons
 a - a +0 flail
 e - a +0 whip (weapon)
Missiles
 n - 2 boomerangs (quivered)
 p - 4 javelins
Armour
 b - a +0 scale mail (worn)
 c - a +0 buckler (worn)
Jewellery
 j - a +6 ring of intelligence
Scrolls
 k - a scroll of enchant weapon {unknown}
 m - 2 scrolls of identify {unknown}
 o - a scroll of enchant armour {unknown}
 q - 3 scrolls of silence {unknown}
 r - a scroll of poison {unknown}
Potions
 d - a potion of invisibility {unknown}
 f - a potion of curing {unknown}
 g - a potion of attraction {unknown}
 h - 2 potions of ambrosia {unknown}
 i - a potion of lignification {unknown}
 l - a potion of brilliance {unknown}


   Skills:
 - Level 3.2 Fighting
 + Level 6.8 Maces & Flails
 - Level 3.2 Armour
 - Level 3.2 Shields


You had 5 spell levels left.
You didn't know any spells.
Your spell library was empty.

Dungeon Overview and Level Annotations

Branches:
Dungeon (4/15)
 Temple: D:4-7

Altars:
Gozag
Nemelex Xobeh
Qazlal
Xom

Shops:
D:1 (


Innate Abilities, Weirdness & Mutations

You are immune to sickness and miasma.
Your stone body is resilient. (AC +4)
You are immune to poison.
You resist negative energy. (rN+)
You are resistant to electric shocks. (rElec)
You are resistant to unholy torment.
You are immune to petrification.


Message History

The ogre shouts!
Monster found; Killing and exploring; Evalutating dangerous sitituation Getting closest target; Target found Lua - initiating combat actions on ogre || reach is 1 Lua - moving closer to ogre You throw a boomerang.
The boomerang hits the ogre.
The ogre is lightly wounded.
Lua - done fight_enemy() Monster found; Killing and exploring; Evalutating dangerous sitituation Getting closest target; Target found Lua - initiating combat actions on ogre || reach is 1 Lua - moving closer to ogre You throw a boomerang.
The boomerang closely misses the ogre.
Lua - done fight_enemy() Monster found; Killing and exploring; Evalutating dangerous sitituation Getting closest target; Target found Lua - initiating combat actions on ogre || reach is 1 Lua - attempting to attack ogre You hit the ogre.
The ogre is moderately wounded.
Lua - done fight_enemy()
The ogre hits you with a +0 giant club.
Monster found; Killing and exploring; Evalutating dangerous sitituation Getting closest target; Target found Lua - initiating combat actions on ogre || reach is 1 Lua - attempting to attack ogre You hit the ogre but do no damage.
The ogre is moderately wounded.
Lua - done fight_enemy() Monster found; Killing and exploring; Evalutating dangerous sitituation Getting closest target; Target found Lua - initiating combat actions on ogre || reach is 1 Lua - attempting to attack ogre You barely miss the ogre.
The ogre is moderately wounded.
Lua - done fight_enemy()
The ogre hits you with a +0 giant club!!
Ouch! That really hurt!
You die...
Your body crumbles into a pile of gold.

#....# #.
#. #....#
# #.
#....# #.
##.#.# #.
#)#.# ##
####.#.#
#....#.#
#.####
#@#
#.O.....#
####....#
...# ..+
.. .# . #
## ##~ ##
#..


You could see an ogre.

Vanquished Creatures
  A sky beast (D:3)
  A gnoll bouda (D:4)
  Jessica (D:2)
  Natasha (D:2)
  6 gnolls
  5 adders
  A worm (D:4)
  3 dart slugs
  An orc (D:4)
  4 endoplasms
  3 giant cockroaches
  7 goblins
  9 hobgoblins
  4 jackals (D:1)
  6 kobolds
  3 quokkas
  4 ball pythons
  3 bats
  4 frilled lizards
  3 rats (D:1)
70 creatures vanquished.

Notes
Turn   | Place    | Note
-------+----------+-------------------------------------------
     0 | D:1      | Persephone the Gargoyle Fighter began the quest for the
                  | Orb.
     0 | D:1      | Reached XP level 1. HP: 14/14 MP: 1/1
    34 | D:1      | Reached XP level 2. HP: 15/19 MP: 2/2
   122 | D:1      | Reached skill level 3 in Maces & Flails
   245 | D:1      | Reached XP level 3. HP: 23/23 MP: 3/3
   247 | D:1      | Found a faded altar of an unknown god.
   286 | D:1      | Prayed at the altar of an unknown god.
   286 | D:1      | Became a worshipper of Gozag Ym Sagoz the Greedy
   460 | D:1      | Found Osesorche's Weapon Shoppe.
   810 | D:2      | Noticed Natasha
   816 | D:2      | Killed Natasha
   817 | D:2      | Reached skill level 4 in Maces & Flails
   817 | D:2      | Reached XP level 4. HP: 19/28 MP: 4/4
   877 | D:2      | Noticed Jessica
   888 | D:2      | Killed Jessica
  1055 | D:2      | You fall into a shaft and drop 2 floors!
  1062 | D:4      | Found a shimmering altar of Xom.
  1064 | D:4      | Found a shimmering altar of Xom.
  1066 | D:4      | Found a shimmering altar of Xom.
  1066 | D:4      | Found a shimmering altar of Xom.
  1068 | D:4      | Found a shimmering altar of Xom.
  1095 | D:4      | Reached skill level 5 in Maces & Flails
  1095 | D:4      | Reached XP level 5. HP: 32/32 MP: 5/5
  1233 | D:3      | Noticed a sky beast
  1264 | D:3      | Killed a sky beast
  1265 | D:3      | Reached skill level 6 in Maces & Flails
  1265 | D:3      | Reached XP level 6. HP: 25/37 MP: 6/6
  1686 | D:3      | Found a stormy altar of Qazlal.
  1688 | D:3      | Found a sparkling altar of Nemelex Xobeh.
  2087 | D:4      | Slain by an ogre

Illustrated notes

Levels and vault maps discovered:
D:1:      nzn_arrival_crosshair, layout_basic, serial_shops, shop,
          hellmonk_ecumenical_altar_crossroads, serial_glass, glass_columns_c,
          glass_columns_a
D:2:      layout_basic, kennysheep_generic_room_10, uniq_natasha,
          uniq_crazy_yiuf_cottage, uniq_jessica
D:3:      layout_rooms, nicolae_overflow_squiral, minmay_unequal
D:4:      kennysheep_big_flooded_room, layout_basic,
          yredelemnul_forgotten_temple_becter, xom_redecorated,
          guppyfry_early_lair_pool

Skill      XL: |  1  2  3  4  5 |
---------------+----------------+-----
Maces & Flails | 3 4 5 6 |  6.8
Fighting       | |  3.2
Armour         | |  3.2
Shields        | |  3.2

Action                     |  1- 3 |  4- 6 || total
---------------------------+-------+-------++-------
  Melee: Flail             |    49 |       ||    49
         Whip              |    70 |   176 ||   246
  Throw: Boomerang         |       |    29 ||    29
    Use: Potion            |     1 |     1 ||     2
 Armour: Scale mail        |    71 |    92 ||   163
  Dodge: Dodged            |    53 |    53 ||   106
  Block: Buckler           |    21 |    15 ||    36

Table legend: (Time is in decaauts)
 A = Elapsed time spent in this place.
 B = Non-inter-level travel time spent in this place.
 C = Inter-level travel time spent in this place.
 D = Time resting spent in this place.
 E = Time spent auto-exploring this place.
 F = Levels seen in this place.
 G = Mean time per level.
                   A        B        C        D        E       F      G
               +--------+--------+--------+--------+--------+-----+--------+
         Total |   2079 |   2018 |     61 |      0 |   1443 |   4 |  519.8 |
       Dungeon |   2079 |   2018 |     61 |      0 |   1443 |   4 |  519.8 |
               +--------+--------+--------+--------+--------+-----+--------+

Top non-repeatable levels by time:
     D:3: 819 daAuts
     D:1: 784 daAuts
     D:2: 279 daAuts
     D:4: 196 daAuts
